 Dungeon Crawl Stone Soup version 0.22-a0-419-g492bfec (webtiles) character file.

1309 Ijustatesigmund the Twirler (level 8, 0/67 HPs)
             Began as a Formicid Fighter on May 15, 2018.
             Slain by a worker ant (3 damage)
             ... on level 5 of the Dungeon.
             The game lasted 00:12:00 (3658 turns).

Ijustatesigmund the Twirler (Formicid Fighter)      Turns: 3658, Time: 00:12:00

Health: 0/67       AC:  6    Str: 20    XL:     8   Next: 88%
Magic:  8/8        EV:  8    Int:  9    God:
Gold:   67         SH: 11    Dex: 12    Spells: 7/7 levels left

rFire    . . .     SeeInvis +   a - +0 quarterstaff
rCold    . . .     Gourm    .   c - +1 shield
rNeg     . . .     Faith    .   b - +0 scale mail
rPois    .         Spirit   .   (helmet unavailable)
rElec    .         Reflect  .   (no cloak)
rCorr    .         Harm     .   (no gloves)
MR       .....                  (no boots)
Stlth    ..........             n - amulet of regeneration
HPRegen  0.61/turn              (no ring)
MPRegen  0.11/turn              (no ring)

@: no status effects
A: permanent stasis, dig shafts and tunnels, four strong arms, antennae 3
a: Dig, Shaft Self


You were on level 5 of the Dungeon.
You were very hungry.

You visited 1 branch of the dungeon, and saw 5 of its levels.

You collected 202 gold pieces.
You spent 135 gold pieces at shops.

Inventory:

Hand Weapons
 a - a +0 quarterstaff (weapon)
Armour
 b - a +0 scale mail (worn)
 c - a +1 shield (worn)
Jewellery
 n - an amulet of regeneration (around neck)
Wands
 d - a wand of disintegration (4)
 l - a wand of iceblast (5)
Scrolls
 g - 2 scrolls of remove curse
Potions
 e - 3 potions of haste
 h - a potion of magic
 i - a potion of brilliance
 j - a potion of cancellation
 k - a potion of flight
Comestibles
 f - 7 rations


   Skills:
 + Level 7.0 Fighting
 + Level 7.4 Staves
 - Level 3.2 Armour
 - Level 6.4 Shields


You had 7 spell levels left.
You didn't know any spells.
Your spell library was empty.

Dungeon Overview and Level Annotations

Branches:
Dungeon (5/15)
 Temple: D:4-7

Altars:
Fedhas
Gozag
Makhleb

Shops:
D:4 *


Innate Abilities, Weirdness & Mutations

You cannot be hasted, slowed, berserked, paralysed or teleported.
You can dig through walls and to a lower floor.
Your four strong arms can wield two-handed weapons with a shield.
You have a pair of large antennae on your head. (SInv)


Message History

The orc hits you with a hand axe.
* * * LOW HITPOINT WARNING * * *
The orc hits you but does no damage. You block the giant cockroach's attack.
The worker ant bites you.
* * * LOW HITPOINT WARNING * * *
Okay, then.
You feel better. You block the giant cockroach's attack.
You block the orc's attack. The orc hits you with a war axe!
* * * LOW HITPOINT WARNING * * *
The worker ant completely misses you.
Are you sure you want to shaft yourself?
You are feeling very hungry.
The giant cockroach barely misses you. You block the orc's attack.
The worker ant bites you but does no damage.
The orc hits you with a war axe.
* * * LOW HITPOINT WARNING * * *
The giant cockroach bites you but does no damage.
You begin to dig a shaft.
You continue digging a shaft.
The worker ant bites you.
You die...

....................#
.####+#####.........#
....##.........#
...............#
...............#
a..............#
#######........##
.##...a##........#
......o@...........
...>..s)o...........
..................).
?...................
...................
#....########...?#
##### .... ..


You could see a worker ant, 2 orcs and a giant cockroach.

Vanquished Creatures
  Pikel (D:4)
  Grinder (D:4)
  A slave (D:4)
  A phantom (D:4)
  2 ogres (D:4)
  A scorpion (D:4)
  A howler monkey (D:4)
  2 orc priests (D:5)
  A hound (D:2)
  An iguana (D:4)
  Ijyb (D:4)
  3 orc wizards
  6 adders
  3 gnolls (D:3)
  An ooze (D:1)
  2 worms
  A dart slug (D:1)
  A leopard gecko (D:4)
  7 orcs (D:4)
  8 bats
  4 giant cockroaches
  5 goblins
  7 hobgoblins
  7 jackals
  2 quokkas
  4 frilled lizards
  6 kobolds
  6 rats
86 creatures vanquished.

Notes
Turn   | Place    | Note
-------+----------+-------------------------------------------
     0 | D:1      | Ijustatesigmund the Formicid Fighter began the quest for the Orb.
     0 | D:1      | Reached XP level 1. HP: 18/18 MP: 1/1
    36 | D:1      | Reached XP level 2. HP: 23/24 MP: 2/2
   208 | D:1      | Reached XP level 3. HP: 28/29 MP: 3/3
   649 | D:2      | Reached XP level 4. HP: 31/35 MP: 4/4
   686 | D:2      | Found a blossoming altar of Fedhas.
   715 | D:2      | Found a burning altar of Makhleb.
  1023 | D:2      | Reached skill level 5 in Shields
  1023 | D:2      | Reached XP level 5. HP: 37/41 MP: 5/5
  1205 | D:2      | Found an opulent altar of Gozag.
  2069 | D:4      | Noticed a phantom
  2108 | D:4      | Killed a phantom
  2108 | D:4      | Reached XP level 6. HP: 30/47 MP: 6/6
  2322 | D:4      | Noticed Ijyb
  2332 | D:4      | Killed Ijyb
  2335 | D:4      | Reached skill level 5 in Staves
  2546 | D:4      | Found Dopoydir's Assorted Antiques.
  2567 | D:4      | Reached XP level 7. HP: 28/53 MP: 7/7
  2809 | D:4      | Bought a fuming green potion for 20 gold pieces
  2809 | D:4      | Bought a large amethyst amulet for 115 gold pieces
  2880 | D:4      | Noticed Grinder
  2900 | D:4      | Killed Grinder
  3048 | D:4      | Reached skill level 5 in Fighting
  3073 | D:4      | Reached XP level 8. HP: 62/62 MP: 8/8
  3336 | D:4      | Noticed Pikel
  3345 | D:4      | Killed Pikel
  3612 | D:5      | Entered Level 5 of the Dungeon
  3657 | D:5      | HP: 2/67 [orc/war axe (3)]
  3658 | D:5      | Slain by a worker ant

Vault maps used:
D:1:      tarquinn_simple_flora_water_d
D:2:      nicolae_gozag_seed_capital, makhleb_heckhound_becter, fedhas_altar_3,
          first_ration
D:3:      uniq_crazy_yiuf_cottage
D:4:      serial_shops, nicolae_shop_waterfront, uniq_pikel, uniq_ijyb,
          uniq_grinder
D:5:      cheibrodos_two_vegetables, chequers_temple_overflow_statue_of_worship,
          serial_shops, nicolae_shop_trees, led_sif_book, uniq_menkaure

Skill      XL: |  1  2  3  4  5  6  7  8 |
---------------+-------------------------+-----
Shields        | 4 5 6 |  6.4
Staves         | 3 4 5 6 7 |  7.4
Fighting       | 5 7 |  7.0
Armour         | |  3.2

Action                   |  1- 3 |  4- 6 |  7- 9 || total
-------------------------+-------+-------+-------++-------
Melee: Quarterstaff      |    69 |   173 |   102 ||   344
 Abil: Dig               |       |     1 |       ||     1
       Shaft Self        |       |       |     1 ||     1
Evoke: Wand              |       |       |     5 ||     5
  Use: Scroll            |     3 |     3 |     1 ||     7
       Potion            |       |     2 |     4 ||     6
  Eat: Chunk             |       |     2 |     3 ||     5
       Ration            |       |     1 |       ||     1
Armor: Scale mail        |    33 |    59 |    24 ||   116
Dodge: Dodged            |    13 |    54 |    40 ||   107
Block: Shield            |    30 |    99 |    67 ||   196

Table legend:
 A = Spawn XP
 B = Non-spawn XP
 C = Spawn XP percentage of total XP
 D = Spawn monster count
 E = Non-spawn monster count
 F = Spawn count percentage of total count
 G = Total turns spent on level
                    A         B        C        D         E        F      G
               +---------+---------+-------+---------+---------+-------+---------
         Total |       0 |    1870 |   0.0 |       0 |      85 |   0.0 |  3658
               +---------+---------+-------+---------+---------+-------+---------
           D:1 |       0 |      47 |   0.0 |       0 |      23 |   0.0 |   531
           D:2 |       0 |     125 |   0.0 |       0 |      22 |   0.0 |  1118
           D:3 |       0 |      56 |   0.0 |       0 |      11 |   0.0 |   420
           D:4 |       0 |    1524 |   0.0 |       0 |      26 |   0.0 |  1543
           D:5 |       0 |     118 |   0.0 |       0 |       3 |   0.0 |    46
               +---------+---------+-------+---------+---------+-------+---------
